 Dungeon Crawl Stone Soup version bcrawl-1.21.3 (webtiles) character file.

Game seed: 245853830970131932

42 Flugslaktarn the Sneak (level 3, -5/23 HPs)
             Began as a Skeleton Archaeologist on Mar 28, 2020.
             Slain by a hobgoblin
             ... wielding a +0 club
             ... led by Robin
              (9 damage)
             ... on level 2 of the Dungeon.
             The game lasted 00:00:43 (1896 turns).

Flugslaktarn the Sneak (Skeleton Archaeologist)     Turns: 1896, Time: 00:00:44

Health: -5/23      AC:  8    Str: 15 (18) XL:     3   Next: 33%
Magic:  0/3        EV: 12    Int:  9 (12) God:
Gold:   70         SH:  0    Dex:  5 (7)  Spells: 2/2 levels left

rFire    . . .     SeeInvis .   h - +0 whip (venom)
rCold    + . .     Gourm    .   (no shield)
rNeg     + + +     Faith    .   b - +1 robe
rPois    ∞         Spirit   +   c - +1 hat
rElec    .         Reflect  .   m - +0 cloak (curse)
rCorr    .         Harm     .   g - +0 pair of gloves
MR       .....                  d - +1 pair of boots
Stlth    ++........             (no amulet)
HPRegen  0.07/turn              (no ring)
MPRegen  0.08/turn              (no ring)

@: no status effects
A: no food or potions, cold resistance 1, deterioration 1, negative energy
resistance 3, torment resistance, unbreathing, magic shield, sturdy frame 1,
spell healing
a: no special abilities


You were on level 2 of the Dungeon.
You were not hungry.

You visited 1 branch of the dungeon, and saw 2 of its levels.

You collected 70 gold pieces.

Inventory:

Hand Weapons
 a - a +0 whip
 h - a +0 whip of venom (weapon)
   (You took it off a kobold on level 1 of the Dungeon)
Armour
 b - a +1 robe (worn)
 c - a +1 hat (worn)
 d - a +1 pair of boots (worn)
 g - a +0 pair of gloves (worn)
   (You found it on level 1 of the Dungeon)
 m - a cursed +0 cloak (worn)
   (You found it on level 1 of the Dungeon)
Scrolls
 e - a scroll of magic mapping
 i - 2 scrolls of remove curse {unknown}
 j - 3 scrolls of identify {unknown}
 k - 2 scrolls of enchant weapon {unknown}
 l - 2 scrolls of teleportation {unknown}
Miscellaneous
 f - a dusty tome


   Skills:
 + Level 3.3 Fighting
 - Level 1.2 Maces & Flails
 - Level 3.0 Dodging
 - Level 3.6 Stealth


You had 2 spell levels left.
You didn't know any spells.
Your spell library was empty.

Dungeon Overview and Level Annotations

Branches:
Dungeon (2/12)

Altars:

Annotations:
D:2 Robin


Innate Abilities, Weirdness & Mutations

You do not eat or drink.
You are immune to poison.
Your flesh is cold resistant. (rC+)
Your body sometimes deteriorates upon taking damage.
You are immune to negative energy. (rN+++)
You are immune to unholy pain and torment.
You can survive without breathing.
When hurt, damage is shared between your health and your magic reserves.
Your movements are slightly less encumbered by armour. (ER -2)
Casting spells heals you.


Message History

The goblin is heavily wounded.
The goblin hits you but does no damage. The goblin closely misses you.
The goblin barely misses you. The hobgoblin misses you.
You barely miss the goblin.
The goblin is severely wounded.
The goblin completely misses you. The goblin barely misses you. x2
The hobgoblin hits you but does no damage.
You hit the goblin.
You kill the goblin!
The goblin barely misses you. The goblin closely misses you.
The hobgoblin barely misses you.
You barely miss the hobgoblin. The goblin completely misses you.
The goblin hits you but does no damage. The hobgoblin hits you with a +0 club.
* * * LOW HITPOINT WARNING * * *
You are too injured to fight recklessly!
You are too injured to fight recklessly!
You are too injured to fight recklessly!
Unknown command.
The goblin closely misses you. The hobgoblin hits you with a +0 club!
You die...

#########
#........
#........
+........
#####........
#..g)g.g.....
##.###.#g#######..
.......@g......#
...#####g#####.#
#>.. #####


You could see Robin, 2 hobgoblins and 2 goblins.

Vanquished Creatures
  2 dart slugs (D:1)
  2 leopard geckos (D:1)
  2 giant cockroaches (D:1)
  3 hobgoblins
  5 jackals (D:1)
  A kobold (D:1)
  4 bats (D:1)
  8 goblins
  5 rats (D:1)
32 creatures vanquished.

Notes
Turn   | Place    | Note
-------+----------+-------------------------------------------
     0 | D:1      | Flugslaktarn the Skeleton Archaeologist began the quest for
                  | the Orb.
     0 | D:1      | Reached XP level 1. HP: 12/12 MP: 1/1
   141 | D:1      | Reached XP level 2. HP: 13/17 MP: 2/2
  1339 | D:1      | Reached XP level 3. HP: 20/23 MP: 3/3
  1691 | D:2      | Noticed Robin
  1896 | D:2      | Slain by a hobgoblin

Skill      XL: |  1  2 |
---------------+-------+-----
Fighting       | 2 3 |  3.3
Maces & Flails | |  1.2
Dodging        | |  3.0
Stealth        | |  3.6

Action                   || total
-------------------------++-------
Melee: Whip              ||   125
 Stab: Sleeping          ||     2
Armor: Robe              ||    92
Dodge: Dodged            ||   144
